 Dungeon Crawl Stone Soup version 0.32-a0-38-gb04dd89b9b (webtiles) character file.

Game seed: 7153730244113577702

19 p00ps00p the Trooper (level 2, -4/27 HPs)
             Began as a Hill Orc Fighter on Jan 24, 2024.
             Slain by a gnoll
             ... wielding a +2 flail of protection
              (11 damage)
             ... on level 2 of the Dungeon.
             The game lasted 00:00:52 (1223 turns).

p00ps00p the Trooper (Hill Orc Fighter)             Turns: 1223, Time: 00:00:52

Health: -4/27      AC:  6    Str: 18    XL:     2   Next: 75%
Magic:  2/2        EV:  9    Int:  8    God:
Gold:   91         SH:  4    Dex: 10    Spells: 1/1 levels left

rFire   . . .        a - +0 war axe
rCold   . . .        c - +0 buckler
rNeg    . . .        b - +0 scale mail
rPois   .            (no helmet)
rElec   .            (no cloak)
rCorr   .            (no gloves)
SInv    .            (no boots)
Will    .....        (no amulet) Stlth
                     (no ring)
HPRegen 0.24/turn    (no ring)
MPRegen 0.08/turn

%: no passive effects
@: no status effects
A: no striking features
a: no special abilities


You were on level 2 of the Dungeon.
You visited 1 branch of the dungeon, and saw 2 of its levels.

You collected 91 gold pieces.

Inventory:

Hand Weapons
 a - a +0 war axe (weapon)
Armour
 b - a +0 scale mail (worn)
 c - a +0 buckler (worn)
Jewellery
 e - an amulet of regeneration
Scrolls
 f - a scroll of noise {unknown}
 g - a scroll of fog {unknown}
 j - a scroll of identify {unknown}
Potions
 d - 2 potions of might
 h - a potion of resistance {unknown}
 i - a potion of berserk rage {unknown}
 k - a potion of cancellation {unknown}


   Skills:
 + Level 3.9 Fighting
 + Level 3.1 Axes
 + Level 3.5 Armour
 + Level 3.6 Shields


You had one spell level left.
You didn't know any spells.
Your spell library contained the following spells:

 Spells                   Type           Power      Damage    Failure   Level
 Static Discharge         Conj/Air       0%         3-3/arc   95%         2
 Airstrike                Air            0%         2d(0-16)  100%        4
 Summon Lightning Spire   Summ/Air       0%         N/A       100%        4


Dungeon Overview and Level Annotations

Branches:
Dungeon (2/15)

Altars:


Message History

The bush is almost destroyed.
You hit the bush. You hit the bush.
The bush is almost destroyed.
You hit the bush but do no damage. You hit the bush.
The bush is almost destroyed.
You hit the bush but do no damage. You hit the bush but do no damage.
The bush is almost destroyed.
You slash the bush! You hit the bush but do no damage.
The bush is almost destroyed.
You hit the bush but do no damage.
There is a stone staircase leading down here.
You climb downwards.
The goblin shouts!
The gnoll shouts! x2; You hear a shout!
You hear a loud squeak.
Found 11 gold pieces and 5 stones.
Found a stone staircase leading down.
There is a stone staircase leading up here.
There are monsters nearby!
Okay, then.
You slash the goblin!
You kill the goblin!
The gnoll hits you from afar with a +0 halberd.
A gnoll comes into view. It is wielding a +0 whip.
Unknown command.
Unknown command.
You barely miss the gnoll. The gnoll barely misses you.
A gnoll comes into view. It is wielding a +0 spear.
Unknown command.
You barely miss the gnoll.
The gnoll shouts!
You hit the gnoll.
The gnoll hits you with a +2 flail of protection!
You block the gnoll's attack.
The gnoll hits you from afar with a +0 spear.
* * * LOW HITPOINT WARNING * * *
The gnoll hits you with a +2 flail of protection!
You die...

#### .... #..#
#..# #..# #..##
###)..#####
#@.<.......
....gggg$........
#.#...#.##..#####
...>..#.# ..#
#.... ..# ..#
.....(..# ..#
####.##.# ... #.
#.# #.##


You could see 4 gnolls.

Vanquished Creatures
  2 ball pythons (D:1)
  A giant cockroach (D:1)
  5 goblins
  3 quokkas (D:1)
  3 bats (D:1)
  A frilled lizard (D:1)
  2 kobolds (D:1)
  A rat (D:1)
18 creatures vanquished.

Notes
Turn   | Place    | Note
-------+----------+-------------------------------------------
     0 | D:1      | p00ps00p the Hill Orc Fighter began the quest for the Orb.
     0 | D:1      | Reached XP level 1. HP: 19/19 MP: 1/1
   655 | D:1      | Reached XP level 2. HP: 27/27 MP: 2/2
  1223 | D:2      | Slain by a gnoll

Illustrated notes

Levels and vault maps discovered:
D:1:      dpeg_arrival_boxorama, layout_basic, serial_forest,
          infiniplex_forest_lined_ring, infiniplex_forest_clump_C,
          infiniplex_forest_split, infiniplex_forest_lined_4_way,
          infiniplex_forest_clump_C, infiniplex_forest_lined_3,
          infiniplex_forest_clump_long, infiniplex_forest_zigzag_1,
          wander_ebering_terrifying_dragon_lair
D:2:      layout_loops_ring, nrook_campfire

Skill      XL: |  1  2 |
---------------+-------+-----
Axes           | 3 |  3.1
Fighting       | |  3.9
Armour         | |  3.5
Shields        | |  3.6

Action                     || total
---------------------------++-------
  Melee: War axe           ||   118
 Armour: Scale mail        ||    37
  Dodge: Dodged            ||    39
  Block: Buckler           ||    10

Table legend: (Time is in decaauts)
 A = Elapsed time spent in this place.
 B = Non-inter-level travel time spent in this place.
 C = Inter-level travel time spent in this place.
 D = Time resting spent in this place.
 E = Time spent auto-exploring this place.
 F = Levels seen in this place.
 G = Mean time per level.
                   A        B        C        D        E       F      G
               +--------+--------+--------+--------+--------+-----+--------+
         Total |   1267 |   1231 |     36 |      0 |   1001 |   2 |  633.5 |
       Dungeon |   1267 |   1231 |     36 |      0 |   1001 |   2 |  633.5 |
               +--------+--------+--------+--------+--------+-----+--------+

Top non-repeatable levels by time:
     D:1: 1262 daAuts
     D:2: 5 daAuts
